 Dungeon Crawl Stone Soup version 0.27.0-1-g7a089689b8 (webtiles) character file.

Game seed: 2938272665256995659

51 tygod the Changer (level 3, 0/16 HPs)
             Began as a Spriggan Wanderer on Aug 2, 2021.
             Was a Believer of Yredelemnul.
             Slain by an adder (3 damage)
             ... on level 2 of the Dungeon.
             The game lasted 00:09:37 (2617 turns).

tygod the Changer (Spriggan Wanderer)               Turns: 2617, Time: 00:09:38

Health: 0/16       AC:  2    Str:  7    XL:     3   Next: 58%
Magic:  2/6        EV: 16    Int: 18    God:    Yredelemnul [**....]
Gold:   61         SH:  0    Dex: 11    Spells: 4/5 levels left

rFire    . . .     SeeInvis +   e - +1 dagger (elec)
rCold    . . .     Faith    .   (shield restricted)
rNeg     . . .     Spirit   .   b - +0 robe
rPois    .         Reflect  .   (helmet restricted)
rElec    .         Harm     .   (no cloak)
rCorr    .         Rampage  .   (gloves unavailable)
Will     .....                  (boots unavailable)
Stlth    +.........             (no amulet)
HPRegen  0.05/turn              (no ring)
MPRegen  0.10/turn              (no ring)

@: very quick
A: very small, no large weapons, unfitting armour, see invisible, speed 3
a: Renounce Religion, Animate Remains, Recall Undead Slaves, Injury Mirror


You were on level 2 of the Dungeon.
You worshipped Yredelemnul.
Yredelemnul was pleased with you.
You visited 1 branch of the dungeon, and saw 2 of its levels.

You collected 61 gold pieces.

Inventory:

Hand Weapons
 a - a +0 dagger
 e - a +1 dagger of electrocution (weapon)
 m - a +0 hunting sling
Missiles
 d - 15 arrows
 n - 25 sling bullets
Armour
 b - a +0 robe (worn)
Jewellery
 h - a ring of poison resistance
 k - a ring of fire
Potions
 c - a potion of curing
 g - a potion of haste
 j - a potion of invisibility {unknown}


   Skills:
 + Level 0.1 Fighting
 + Level 1.2 Dodging
 + Level 0.5 Stealth
 + Level 1.7 Spellcasting
 + Level 0.2 Conjurations
 + Level 1.2 Hexes
 + Level 3.1 Translocations
 + Level 6.1 Transmutations
 + Level 0.5 Fire Magic
 * Level 1.0 Invocations
 + Level 2.6 Evocations


You had 4 spell levels left.
You knew the following spells:

 Your Spells              Type           Power      Damage    Failure   Level
a - Foxfire               Conj/Fire      8%         2x1d4     16%         1

Your spell library contained the following spells:

 Spells                   Type           Power      Damage    Failure   Level
 Blink                    Tloc           N/A        N/A       8%          2
 Gell's Gravitas          Tloc           6%         N/A       16%         3
 Lesser Beckoning         Tloc           6%         N/A       16%         3
 Teleport Other           Tloc           12%        N/A       16%         3
 Slow                     Hex            5%         N/A       17%         2
 Ignite Poison            Fire/Tmut/Pois 9%         N/A       22%         3
 Confusing Touch          Hex            5%         N/A       34%         3
 Conjure Flame            Conj/Fire      2%         6-21      43%         3
 Stone Arrow              Conj/Erth      4%         3d7       47%         3
 Sticky Flame             Conj/Fire      2%         2d3       85%         4
 Yara's Violent Unravell  Hex/Tmut       7%         3d5       75%         5
 Manifold Assault         Tloc           12%        N/A       82%         5
 Bolt of Magma            Conj/Fire/Erth 1%         4d4       99%         5
 Freezing Cloud           Conj/Ice/Air   0%         6-21      99%         5
 Simulacrum               Ice/Necr       0%         N/A       100%        6
 Polar Vortex             Ice            0%         N/A       100%        9
 Shatter                  Erth           0%         3d5*      100%        9


Dungeon Overview and Level Annotations

Branches:
Dungeon (2/15)

Altars:
Yredelemnul

Annotations:
D:2 Natasha


Innate Abilities, Weirdness & Mutations

You are very small and have problems with some larger weapons.
You are too small for most types of armour.
You have supernaturally acute eyesight. (SInv)
You cover ground extremely quickly. (Speed+++)


Message History

You feel yourself slow down.
A goblin comes into view. It is wielding a +0 club.
You start resting.
A goblin is nearby!
You start resting.
A goblin is nearby!
Casting: Foxfire (safe; 16% risk of failure)
Confirm with . or Enter, or press ? or * to list all spells.
You feel a surge of power!
You conjure some foxfire!
The foxfire hits the goblin.
The goblin is severely wounded.
The foxfire hits the goblin.
You kill the goblin!
Yredelemnul accepts your kill.
You can now recall your undead slaves.
You can now mirror injuries on your foes.
Casting: Foxfire (safe; 16% risk of failure)
Confirm with . or Enter, or press ? or * to list all spells.
You feel a surge of power!
You miscast Foxfire.
You are very lightly contaminated with residual magic.
Nothing appears to happen.
Casting: Foxfire (safe; 16% risk of failure)
Confirm with . or Enter, or press ? or * to list all spells.
You feel a surge of power!
You conjure some foxfire!
The foxfire hits the goblin.
The goblin is severely wounded.
Your foxfire dissipates!
Your magical contamination has completely faded away.
You feel a little less clever now.
The adder hisses angrily.
The goblin completely misses you.
You hit the goblin but do no damage.
The goblin is severely wounded.
The goblin hits you with a +0 club.
* * * LOW HITPOINT WARNING * * *
The adder closely misses you.
You closely miss the goblin.
The goblin is severely wounded.
The adder bites you.
You die...
Your body rises from the dead as a mindless zombie.

### .# ####.#
###....####
#.........#
#.#.#####.#
#.#.)...#.#
#.#####g#.# #g#
#.#.# #@# #.#.#
#S# #.#.########
#.# #...........
#.#####.##########
#.......#
#.####### #.# #.#
###


You could see an adder and a goblin.

Vanquished Creatures
  An adder (D:2)
  A worm (D:2)
  2 dart slugs
  2 bats (D:1)
  An endoplasm (D:1)
  A giant cockroach (D:2)
  6 goblins
  4 hobgoblins
  7 jackals
  A quokka (D:1)
  2 kobolds (D:1)
  2 rats (D:1)
30 creatures vanquished.

Vanquished Creatures (collateral kills)
  A dart slug (D:1)
  An endoplasm (D:1)
2 creatures vanquished.

Vanquished Creatures (others)
  2 bat zombies (D:1)
  An adder zombie (D:2)
  2 goblin zombies (D:2)
  A hobgoblin zombie (D:1)
  A jackal zombie (D:1)
  A kobold zombie (D:1)
  A quokka skeleton (D:1)
  A rat zombie (D:1)
  65 foxfires
75 creatures vanquished.

Grand Total: 107 creatures vanquished

Notes
Turn   | Place    | Note
-------+----------+-------------------------------------------
     0 | D:1      | tygod the Spriggan Wanderer began the quest for the Orb.
     0 | D:1      | tygod set off with the following items: a +0 dagger, a +0
                  | robe, a potion of curing; and the following spell
                  | memorised: Foxfire; and the following spells available to
                  | memorise: Blink, Gell's Gravitas, Lesser Beckoning,
                  | Teleport Other, Ignite Poison, Manifold Assault
     0 | D:1      | Reached XP level 1. HP: 9/9 MP: 3/3
     5 | D:1      | Found a faded altar of an unknown god.
    11 | D:1      | Became a worshipper of Yredelemnul the Dark
    11 | D:1      | Reached * piety under Yredelemnul
   478 | D:1      | Reached skill level 6 in Transmutations
   478 | D:1      | Reached XP level 2. HP: 13/13 MP: 1/5
  1574 | D:2      | Reached XP level 3. HP: 14/16 MP: 2/6
  1800 | D:2      | Reached skill level 1 in Invocations
  1896 | D:2      | Noticed a scorpion
  2212 | D:2      | Noticed Natasha
  2271 | D:2      | Reached skill level 1 in Dodging
  2600 | D:2      | Reached ** piety under Yredelemnul
  2617 | D:2      | Slain by an adder

Illustrated notes

Levels and vault maps discovered:
D:1:      dpeg_arrival_fog, layout_loops_ring,
          ebering_ecumenical_altar_abandoned, corexii_corridor_pit
D:2:      layout_basic, serial_shops, nicolae_shop_trees, uniq_natasha,
          uniq_robin

Skill      XL: |  1  2  3 |
---------------+----------+-----
Transmutations | 6 |  6.1
Invocations    | 1 |  1.0
Dodging        | 1 |  1.2
Fighting       | |  0.1
Stealth        | |  0.5
Spellcasting   | |  1.7
Conjurations   | |  0.2
Hexes          | |  1.2
Translocations | |  3.1
Fire Magic     | |  0.5
Evocations     | |  2.6

Action                   || total
-------------------------++-------
Melee: Dagger            ||    60
 Cast: Foxfire           ||    55
Invok: Animate Remains   ||    11
  Use: Scroll            ||     3
       Potion            ||     2
 Stab: Sleeping          ||     2
Armor: Robe              ||    13
Dodge: Dodged            ||    59
